 Dungeon Crawl Stone Soup version 0.21.1-1-g345015fe64 (webtiles) character file.

95734 Gargoyl the Severer (level 15, -27/129 HPs)
             Began as a Centaur Abyssal Knight on May 20, 2018.
             Was the Champion of Lugonu.
             Killed from afar by Nikola (40 damage)
             ... with a chain lightning
             ... on level 1 of the Spider Nest.
             The game lasted 01:01:45 (31306 turns).

Gargoyl the Severer (Centaur Abyssal Knight)       Turns: 31306, Time: 01:01:45

Health: -27/129    AC: 28    Str: 27      XL:     15   Next: 67%
Magic:  25/25      EV:  2    Int: 13 (14) God:    Lugonu [******]
Gold:   1249       SH: 26    Dex: 13      Spells: 14/14 levels left

rFire    . . .     SeeInvis .   x - +3 broad axe (venom)
rCold    . . .     Gourm    .   f - +10 large shield of Ignorance {rN+ Int-4}
rNeg     + . .     Faith    .   r - +1 plate armour of Coronation {Str+3 Int+7}
rPois    +         Spirit   .   y - +1 helmet
rElec    .         Reflect  .   J - +0 cloak {MR+}
rCorr    .         Harm     .   l - +1 pair of gloves
MR       ++...     Clarity  +   h - +2 centaur barding
Stlth    ..........             E - amulet of regeneration
HPRegen  0.71/turn              X - +5 ring of strength
MPRegen  0.19/turn              M - ring of poison resistance

@: slowed, studying 2 skills
A: large, hooves 3, thin skeletal structure 1, blink, clarity, deformed body,
speed 2, tough skin 3, MP-powered wands
a: Blink, Depart the Abyss, Bend Space, Banish, Corrupt, Enter the Abyss, Brand
Weapon With Distortion, Renounce Religion


You were on level 1 of the Spider Nest.
You worshipped Lugonu.
Lugonu was exalted by your worship.
You were not hungry.

You visited 4 branches of the dungeon, and saw 24 of its levels.
You visited the Abyss 1 time.
You also visited: Labyrinth, Ossuary and Volcano.

You collected 2317 gold pieces.
You spent 1068 gold pieces at shops.

Inventory:

Hand Weapons
 a - a +3 hand axe
 e - a +2 hand axe of chopping
 x - a +3 broad axe of venom (weapon)
Missiles
 g - 6 steel tomahawks (quivered)
Armour
 f - the +10 large shield of Ignorance (worn) {rN+ Int-4}
   (You found it on level 1 of the Orcish Mines)

   It affects your intelligence (-4).
   It protects you from negative energy.
 h - a +2 centaur barding (worn)
 l - a +1 pair of gloves (worn)
 r - the +1 plate armour of Coronation (worn) {Str+3 Int+7}
   (You found it on level 7 of the Dungeon)

   It affects your strength (+3).
   It affects your intelligence (+7).
 y - a +1 helmet (worn)
 J - a +0 cloak of magic resistance (worn)
Jewellery
 b - an uncursed ring of flight
 E - an amulet of regeneration (around neck)
 L - an uncursed ring of see invisible
 M - a ring of poison resistance (right hand)
 O - an uncursed ring of resist corrosion
 V - an uncursed amulet of rage
 W - an uncursed ring of protection from fire
 X - a +5 ring of strength (left hand)
Wands
 o - a wand of digging (18)
 D - a wand of iceblast (36)
 Y - a wand of clouds (4)
Scrolls
 d - a scroll of magic mapping
 i - 7 scrolls of identify
 j - 10 scrolls of teleportation
 m - 9 scrolls of remove curse
 q - 5 scrolls of blinking
 s - 4 scrolls of fear
 A - 3 scrolls of fog
 I - a scroll of silence
 R - a scroll of summoning
Potions
 k - 8 potions of might
 n - 7 potions of agility
 p - 4 potions of flight
 t - 2 potions of brilliance
 z - a potion of cancellation
 B - 3 potions of haste
 C - 4 potions of resistance
 N - 4 potions of curing
Books
 u - a manual of Fighting
 v - a book of Changes

   Spells                             Type                      Level
   a - Beastly Appendage              Transmutation                1
   b - Sticks to Snakes               Transmutation                2
   c - Spider Form                    Transmutation/Poison         3
   d - Ice Form                       Ice/Transmutation            4
   e - Blade Hands                    Transmutation                5
 w - a manual of Axes
Miscellaneous
 Z - a lightning rod (4/4)
Comestibles
 c - 19 rations
 F - 2 chunks of flesh


   Skills:
 + Level 11.0 Fighting
 + Level 15.8 Axes
 + Level 2.1 Throwing
 * Level 11.4 Armour
 + Level 3.5 Dodging
 + Level 5.3 Shields
 * Level 13.7 Invocations
 + Level 1.8 Evocations


You had 14 spell levels left.
You didn't know any spells.

Dungeon Overview and Level Annotations

Branches:
Dungeon (15/15)            Temple (0/1) D:7            Lair (6/6) D:9
 Shoals (0/4) Lair:3       Spider (1/4) Lair:2        Slime (0/5) Lair:5
    Orc (2/2) D:12            Elf (0/3) Orc:2        Vaults (0/5) D:14
 Depths (0/5) D:15

Altars:
Ashenzari
Dithmenos
Fedhas
Qazlal
Vehumet
Wu Jian
Beogh

Shops:
D:5 !=?(=   D:7 *   Orc:2 ?(%=(

Annotations:
D:6 exclusion: oklob plant
Spider:1 Nikola
Orc:1 1 runed door, exclusion: 4 orange crystal statues
Abyss:1 Azrael


Innate Abilities, Weirdness & Mutations

You have hooves in place of feet.
Armour fits poorly on your strangely shaped body.
You cover ground very quickly.
You have extremely tough skin. (AC +3)
You have a somewhat thin skeletal structure. (Dex +2, Stealth)
You can translocate small distances at will.
You possess an exceptional clarity of mind.
You expend magic power (3 MP) to strengthen your wands.


Message History

You hit Nikola but do no damage.
You hit the jumping spider but do no damage.
The jumping spider looks even sicker.
You slash the tarantella!
The tarantella is poisoned.
You kill the jumping spider!
Lugonu accepts your kill. You block the tarantella's attack. x2
Nikola says, "You don't look like a good insulator."
Nikola gestures wildly while chanting.
You hear a mighty clap of thunder!
The lightning arc hits you!
* * * LOW HITPOINT WARNING * * *
The lightning arc hits the torpor snail.
The torpor snail dies!
The lightning arc hits you!
* * * LOW HITPOINT WARNING * * *
The lightning arc hits the tarantella.
The tarantella dies!
The lightning arc hits you!
You die...

#.................
.##.?..............
..............?..>.
........(..........
#..................
###....s...........
#..#..............
#.≈≈..†@..........
#####.@†..........
#≈<...........
####^........
..........
..........
#;...^.....
≈......... .......
.......


You could see Nikola and a redback.

Vanquished Creatures
  Kirke (Lair:6)
  An emperor scorpion (Lair:2)
  An entropy weaver (Lair:2)
  Nessos (D:12)
  Snorg (Orc:2)
  A minotaur (Lab)
  A yaktaur captain (D:15)
  Erolcha (Orc:2)
  3 catoblepae (Lair:6)
  Erica (D:9)
  10 death yaks
  4 centaur warriors
  9 two-headed ogres
  2 ogre magi
  A hell knight (Volcano)
  6 orc high priests (Orc:2)
  2 unseen horrors
  A necromancer (D:14)
  An orc knight (D:15)
  Pikel (D:5)
  2 deep elf magi (D:15)
  4 cyclopes
  A wolf spider (Lair:2)
  An orb spider (Spider:1)
  5 manticores
  7 ugly things
  6 black mambas
  An elephant (D:9)
  A black mamba (shapeshifter) (D:12)
  A torpor snail (Lair:6)
  A centaur skeleton (D:13)
  11 spiny frogs
  2 yaktaurs
  2 kobold demonologists
  3 komodo dragons
  2 rime drakes
  A merfolk (D:11)
  A polar bear (shapeshifter) (D:13)
  7 trolls
  11 slime creatures
  6 jumping spiders
  A polar bear (Lair:6)
  2 hornets
  7 blink frogs
  11 hippogriffs
  12 redbacks
  2 shadows
  3 wraiths
  4 wyverns
  A tarantella (Spider:1)
  8 basilisks
  Eustachio (D:4)
  2 fire elementals (Lair:2)
  60 yaks
  4 hogs (Lair:6)
  3 hungry ghosts
  A human (D:11)
  2 steam dragons
  9 wargs
  Edmund (D:4)
  12 water moccasins
  Duvessa (D:6)
  2 hell hounds (Lair:2)
  8 porcupines
  3 black bears
  19 orc warriors
  2 ice beasts
  2 slaves (D:6)
  A swamp drake (D:12)
  5 sky beasts
  3 phantoms
  2 eyes of draining
  2 necrophages
  11 ogres
  28 centaurs
  20 crocodiles
  Blork the orc (D:6)
  2 big kobolds (D:11)
  An elf zombie (Ossuary)
  9 bullfrogs
  A wyvern zombie (D:8)
  An earth elemental (Lab)
  Dowan (D:6)
  6 scorpions
  21 killer bees
  2 electric eels (D:10)
  4 wights (D:14)
  3 howler monkeys (D:7)
  3 crimson imps
  Crazy Yiuf (D:7)
  A bullfrog zombie (D:7)
  3 centaur zombies
  A lava snake (D:14)
  45 orc priests
  11 hounds
  17 jellies
  23 orc wizards
  3 bullfrog skeletons
  10 iguanas
  12 worker ants
  A big kobold zombie (Ossuary)
  3 hound zombies
  A hound skeleton (D:6)
  4 mummies (Ossuary)
  A worker ant zombie (D:7)
  6 adders
  8 gnolls
  8 shadow imps
  4 oozes
  3 adder zombies (Ossuary)
  3 adder skeletons
  5 worms
  3 dart slugs
  6 leopard geckos
  123 orcs
  13 bats
  3 giant cockroaches
  4 hobgoblins
  8 jackals
  3 kobolds
  3 quokkas
  7 ball pythons
  7 frilled lizards
  A gnoll zombie (Ossuary)
  5 goblins
  A hobgoblin zombie (Ossuary)
  A jackal skeleton (D:4)
  2 jackal zombies (Ossuary)
  A quokka skeleton (D:9)
  2 rats
  2 rat zombies (Ossuary)
  3 fungi
  9 plants
816 creatures vanquished.

Vanquished Creatures (others)
  6 hydras
  The ghost of taffy the Chopper, a novice HOFi (D:6)
  4 oklob plants (Lair:4)
  A spiny frog (Lair:2)
  A torpor snail (Spider:1)
  A blink frog (Lair:1)
  A vampire (D:11)
  2 tarantellas (Spider:1)
  A human (Lair:6)
  5 redbacks (Spider:1)
  A porcupine (Lair:1)
  A slave (D:6)
  4 electric eels (D:10)
  A jelly (D:6)
  2 kobolds (D:11)
  3 fungi
  12 plants
47 creatures vanquished.

Grand Total: 863 creatures vanquished

Notes
Turn   | Place    | Note
-------+----------+-------------------------------------------
     0 | Abyss:1  | Gargoyl the Centaur Abyssal Knight began the quest for the Orb.
     0 | Abyss:1  | Reached XP level 1. HP: 19/19 MP: 2/2
   145 | Abyss:2  | Noticed a worldbinder
   146 | Abyss:2  | Noticed an orc priest
   146 | Abyss:2  | Noticed an orc priest
   146 | D:1      | Escaped the Abyss
   239 | D:1      | Reached XP level 2. HP: 12/26 MP: 3/3
   569 | D:1      | Reached * piety under Lugonu
   628 | D:1      | Reached skill level 2 in Axes
   850 | D:1      | Reached XP level 3. HP: 24/31 MP: 4/4
  2015 | D:2      | Reached XP level 4. HP: 38/39 MP: 5/5
  2314 | D:3      | Reached ** piety under Lugonu
  2430 | D:3      | Found a transporter.
  2447 | D:3      | Found a transporter.
  2720 | D:3      | Reached skill level 1 in Dodging
  2935 | D:4      | Noticed Edmund
  2948 | D:4      | Killed Edmund
  2948 | D:4      | Reached skill level 3 in Axes
  2948 | D:4      | Reached XP level 5. HP: 25/46 MP: 7/7
  3331 | D:4      | Reached XP level 6. HP: 51/52 MP: 8/8
  3357 | D:4      | Noticed Eustachio
  3381 | D:4      | Killed Eustachio
  3381 | D:4      | Reached skill level 4 in Axes
  3434 | D:4      | Reached XP level 7. HP: 38/59 MP: 10/10
  3990 | D:4      | Found a stormy altar of Qazlal.
  4315 | D:4      | Found an ornate altar of the Wu Jian Council.
  4987 | D:5      | Entered Level 5 of the Dungeon
  5264 | D:5      | Reached skill level 1 in Evocations
  5332 | D:5      | Found Weleple's Jewellery Shoppe.
  5348 | D:5      | Found Kenn's Magic Scroll Emporium.
  5369 | D:5      | Noticed a hungry ghost
  5382 | D:5      | Killed a hungry ghost
  5382 | D:5      | Reached XP level 8. HP: 67/67 MP: 11/11
  5416 | D:5      | Reached *** piety under Lugonu
  5615 | D:5      | Found Emuamp's Distillery.
  5728 | D:5      | Found Awos's Jewellery Emporium.
  5764 | D:5      | Found Imalacsi's Antique Weapon Shop.
  5771 | D:5      | Bought a glowing broad axe for 126 gold pieces
  5780 | D:5      | Reached skill level 5 in Axes
  6117 | D:6      | Noticed taffy's ghost (novice HOFi)
  6143 | D:6      | Banished taffy's ghost
  6143 | D:6      | Reached skill level 1 in Shields
  6143 | D:6      | Reached skill level 5 in Invocations
  6264 | D:6      | Noticed Pikel
  6578 | D:5      | Killed Pikel
  6578 | D:5      | Reached skill level 5 in Fighting
  6578 | D:5      | Reached skill level 6 in Axes
  6578 | D:5      | Reached XP level 9. HP: 28/74 MP: 11/13
  7306 | D:6      | Noticed Blork the orc
  7316 | D:6      | Killed Blork the orc
  7322 | D:6      | Reached skill level 5 in Armour
  7598 | D:6      | Noticed Duvessa
  7600 | D:6      | Noticed Dowan
  7608 | D:6      | Killed Duvessa
  7613 | D:6      | Killed Dowan
  7692 | D:6      | Found a blossoming altar of Fedhas.
  7711 | D:6      | Noticed an oklob plant
  7832 | D:7      | Reached skill level 7 in Axes
  7881 | D:7      | Gained mutation: You are resistant to hostile enchantments. (MR+) [potion of mutation]
  7881 | D:7      | Gained mutation: You passively map a small area around you. [potion of mutation]
  7882 | D:7      | Lost mutation: You passively map a small area around you. [potion of mutation]
  7882 | D:7      | Gained mutation: Your body sometimes deteriorates upon taking damage. [potion of mutation]
  7882 | D:7      | Gained mutation: You can translocate small distances at will. [potion of mutation]
  7902 | D:7      | Found a staircase to the Ecumenical Temple.
  7925 | D:7      | Got a bronze plate armour
  8021 | D:7      | Found Zoafeuz's Assorted Antiques.
  8093 | D:7      | Identified the cursed +1 plate armour of Coronation {Str+3 Int+7} (You found it on level 7 of the Dungeon)
  8183 | D:7      | Found a sand-covered staircase.
  8192 | Ossuary  | Entered an ossuary
  8197 | Ossuary  | Reached **** piety under Lugonu
  8486 | D:7      | Found a radiant altar of Vehumet.
  8620 | D:7      | Found a runed door.
  8773 | D:7      | Noticed Crazy Yiuf
  8779 | D:7      | Killed Crazy Yiuf
  8843 | D:8      | Reached XP level 10. HP: 83/83 MP: 15/15
  8996 | D:5      | Bought an uncursed amulet of regeneration for 360 gold pieces
  9119 | D:8      | Reached skill level 8 in Axes
  9736 | D:8      | Reached ***** piety under Lugonu
  9773 | D:8      | HP: 4/84 [orc warrior/halberd (8)]
 10025 | D:8      | Identified the Almanac of Ashen Malediction
 10566 | D:5      | Bought a potion of heal wounds for 60 gold pieces
 10566 | D:5      | Bought a potion of curing for 36 gold pieces
 10746 | D:9      | Noticed Erica
 10773 | D:9      | Killed Erica
 10773 | D:9      | Reached skill level 9 in Axes
 10837 | D:9      | Found a shattered altar of Ashenzari.
 11099 | D:9      | Lost mutation: Your body sometimes deteriorates upon taking damage. [potion of mutation]
 11099 | D:9      | Lost mutation: You are resistant to hostile enchantments. (MR+) [potion of mutation]
 11099 | D:9      | Gained mutation: You possess an exceptional clarity of mind. [potion of mutation]
 11099 | D:9      | Gained mutation: You expend magic power (3 MP) to strengthen your wands. [potion of mutation]
 11099 | D:9      | Gained mutation: You have a somewhat thin skeletal structure. (Dex +2, Stealth) [potion of mutation]
 11132 | D:9      | Found a staircase to the Lair.
 11132 | D:9      | Noticed an elephant
 11154 | D:9      | Killed an elephant
 11154 | D:9      | Reached XP level 11. HP: 82/91 MP: 17/17
 11213 | D:9      | Got a fine chain mail
 11236 | D:9      | Identified the +6 chain mail of Duty {Int+5} (You found it on level 9 of the Dungeon)
 11613 | Lair:1   | Entered Level 1 of the Lair of Beasts
 12213 | Lair:1   | Found a shadowy altar of Dithmenos.
 12927 | Lair:2   | Reached skill level 10 in Axes
 13010 | D:10     | Entered Level 10 of the Dungeon
 13139 | D:10     | Noticed a two-headed ogre
 13148 | D:10     | Killed a two-headed ogre
 13557 | D:10     | Reached skill level 10 in Invocations
 14494 | D:11     | Found a shattered altar of Ashenzari.
 14528 | D:11     | Reached XP level 12. HP: 100/100 MP: 19/19
 14533 | D:11     | Noticed a two-headed ogre
 14556 | D:11     | Killed a two-headed ogre
 14661 | D:11     | Noticed a two-headed ogre
 14685 | D:11     | Killed a two-headed ogre
 14773 | D:11     | Noticed a two-headed ogre
 14790 | D:11     | Killed a two-headed ogre
 15270 | D:12     | Reached skill level 11 in Axes
 15439 | D:5      | Bought an uncursed ring of poison resistance for 240 gold pieces
 15604 | Lair:2   | Found a hole to the Spider Nest.
 15725 | Lair:2   | Noticed an eight-headed hydra
 15730 | Lair:2   | Banished a nine-headed hydra
 16189 | Lair:3   | Found a staircase to the Shoals.
 16474 | Lair:3   | Noticed a six-headed hydra
 16475 | Lair:3   | Banished a six-headed hydra
 16475 | Lair:3   | Reached skill level 1 in Throwing
 16974 | Lair:3   | Reached XP level 13. HP: 97/108 MP: 21/21
 17886 | Lair:4   | Reached skill level 12 in Axes
 17970 | Lair:4   | Got a fine fustibalus
 17971 | Lair:4   | Identified the +4 fustibalus "Culel" {flame, +Fly} (You found it on level 4 of the Lair of Beasts)
 18489 | Lair:5   | Found a labyrinth entrance.
 18499 | Lab      | Entered a labyrinth
 18655 | Lab      | Noticed a minotaur
 18672 | Lab      | Killed a minotaur
 18947 | Lair:5   | Found a dark tunnel.
 18955 | Volcano  | Entered a volcano
 19543 | Lair:5   | Found a staircase to the Slime Pits.
 19570 | Lair:5   | Reached skill level 10 in Armour
 20369 | Lair:6   | Entered Level 6 of the Lair of Beasts
 20605 | Lair:6   | HP: 2/111 [death yak (8)]
 20984 | Lair:6   | Noticed Kirke
 21024 | Lair:6   | Killed Kirke
 21024 | Lair:6   | Reached XP level 14. HP: 106/118 MP: 22/22
 21266 | Lair:6   | Identified the Collected Works on the Destructive Compass
 22078 | Lair:6   | Reached skill level 13 in Axes
 22356 | Lair:6   | Got a slimy morningstar
 22357 | Lair:6   | Identified the +3 morningstar "Nirafogg" {drain, rPois MP+9} (You found it on level 6 of the Lair of Beasts)
 23097 | D:12     | Reached ****** piety under Lugonu
 23211 | D:12     | Found a staircase to the Orcish Mines.
 23458 | D:12     | Noticed Nessos
 23494 | D:12     | Killed Nessos
 24626 | D:13     | Reached skill level 14 in Axes
 25133 | D:14     | Reached skill level 10 in Fighting
 25834 | D:14     | Reached XP level 15. HP: 123/126 MP: 24/24
 26045 | D:14     | Found a gate to the Vaults.
 26133 | D:15     | Entered Level 15 of the Dungeon
 26643 | D:15     | Reached skill level 15 in Axes
 26968 | D:15     | Found a staircase to the Depths.
 27596 | Orc:1    | Entered Level 1 of the Orcish Mines
 27705 | Orc:1    | Found a roughly hewn altar of Beogh.
 27738 | Orc:1    | Found a runed door.
 27750 | Orc:1    | Found the +10 large shield of Ignorance {rN+ Int-4}
 28014 | Orc:1    | Noticed an orc warlord
 28391 | Orc:1    | Found a runed door.
 28830 | Orc:2    | Entered Level 2 of the Orcish Mines
 28905 | Orc:2    | Found a staircase to the Elven Halls.
 28939 | Orc:1    | Noticed Snorg
 28995 | Orc:2    | Killed Snorg
 29563 | Orc:2    | Found Echyngir's Jewellery Emporium.
 29617 | Orc:2    | Found Cagasug's Antique Weapon Shop.
 29693 | Orc:2    | Found a roughly hewn altar of Beogh.
 29734 | Orc:2    | Found Imaob's Weapon Shop.
 29794 | Orc:2    | Found Acumneah's Magic Scroll Emporium.
 29812 | Orc:2    | Bought a scroll of enchant armour for 82 gold pieces
 29812 | Orc:2    | Bought a scroll of enchant weapon for 82 gold pieces
 29812 | Orc:2    | Bought a scroll of blinking for 82 gold pieces
 29917 | Orc:2    | Found Mecook's Food Boutique.
 30098 | Orc:2    | Noticed Erolcha
 30110 | Orc:2    | Killed Erolcha
 30454 | Spider:1 | Entered Level 1 of the Spider Nest
 30454 | Spider:1 | Noticed Azrael
 30508 | Lair:2   | Reached skill level 5 in Shields
 30926 | Spider:1 | Banished Azrael
 30986 | Spider:1 | Noticed Nikola
 31306 | Spider:1 | Killed from afar by Nikola

Skill      XL: |  1  2  3  4  5  6  7  8  9 10 11 12 13 14 15 |
---------------+----------------------------------------------+-----
Axes           | 2 3 4 6 7 9 10 11 12 14 15 | 15.8
Armour         | 2 3 4 5 6 7 9 10 11 | 11.4
Invocations    | 3 4 5 6 8 10 11 12 13 | 13.7
Dodging        | 1 2 3 |  3.5
Fighting       | 4 5 6 7 8 9 10 11 | 11.0
Evocations     | 1 |  1.8
Shields        | 1 2 3 4 5 |  5.3
Throwing       | 1 2 |  2.1

Action                   |  1- 3 |  4- 6 |  7- 9 | 10-12 | 13-15 || total
-------------------------+-------+-------+-------+-------+-------++-------
Melee: Hand axe          |    91 |    86 |   106 |       |       ||   283
       Kick              |    16 |    15 |    82 |   247 |   531 ||   891
       Broad axe         |       |       |   219 |   790 |  1341 ||  2350
Throw: Tomahawk          |       |       |       |     7 |     6 ||    13
Invok: Depart the Abyss  |     1 |       |       |       |       ||     1
       Bend Space        |       |       |     5 |       |     1 ||     6
       Banish            |       |       |     2 |    13 |    19 ||    34
Evoke: Wand              |       |     5 |    19 |       |       ||    24
  Use: Scroll            |     6 |     3 |    10 |    10 |    13 ||    42
       Potion            |       |       |     4 |     7 |     2 ||    13
 Stab: Paralysed         |       |     1 |       |       |       ||     1
       Petrified         |       |       |       |       |     5 ||     5
       Confused          |       |       |       |       |     1 ||     1
  Eat: Chunk             |     2 |     4 |     7 |     4 |    17 ||    34
       Ration            |       |       |     3 |     9 |     9 ||    21
Armor: Scale mail        |    72 |    64 |    67 |       |       ||   203
       Steam dragon scal |       |       |   139 |       |       ||   139
       Plate armour      |       |       |    59 |   796 |   945 ||  1800
Dodge: Dodged            |    40 |    17 |    99 |   129 |   146 ||   431
Block: Buckler           |     3 |    15 |    43 |   189 |    15 ||   265
       Shield            |       |       |       |       |   475 ||   475
       Large shield      |       |       |       |       |   365 ||   365
